 Dungeon Crawl Stone Soup version 0.26-b1-59-ge38874ec40 (webtiles) character file.

Game seed: 11967101345719786794

400 jackrogers the Cleaver (level 6, -4/51 HPs)
             Began as a Minotaur Berserker on Jan 9, 2021.
             Was a Believer of Trog.
             Slain by an orc wizard
             ... wielding a +0 dagger
              (6 damage)
             ... on level 4 of the Dungeon.
             The game lasted 00:04:56 (3953 turns).

jackrogers the Cleaver (Minotaur Berserker)         Turns: 3953, Time: 00:04:58

Health: -4/51      AC:  1    Str: 22    XL:     6   Next: 54%
Magic:  5/5        EV: 12    Int:  4    God:    Trog [**....]
Gold:   97         SH:  0    Dex: 11    Spells: 5/5 levels left

rFire    . . .     SeeInvis .   n - +0 war axe
rCold    . . .     Faith    .   (no shield)
rNeg     . . .     Spirit   .   b - +0 animal skin
rPois    .         Reflect  .   (helmet restricted)
rElec    .         Harm     .   (no cloak)
rCorr    .         Rampage  .   (no gloves)
Will     .....                  o - -2 pair of boots (curse)
Stlth    ++........             (no amulet)
HPRegen  0.17/turn              (no ring)
MPRegen  0.09/turn              (no ring)

@: berserk cooldown, slowed, very slow
A: retaliatory headbutt, horns 2
a: Renounce Religion, Berserk, Trog's Hand


You were on level 4 of the Dungeon.
You worshipped Trog.
Trog was pleased with you.
You visited 1 branch of the dungeon, and saw 4 of its levels.

You collected 97 gold pieces.

Inventory:

Hand Weapons
 a - a +0 hand axe
 n - a +0 war axe (weapon)
Armour
 b - a +0 animal skin (worn)
 o - a cursed -2 pair of boots (worn)
Jewellery
 t - an uncursed ring of protection from cold {unknown}
Wands
 u - a wand of iceblast (11)
Scrolls
 c - a scroll of enchant weapon {unknown}
 g - 2 scrolls of random uselessness {unknown}
 h - a scroll of amnesia {unknown}
 l - 2 scrolls of remove curse {unknown}
 p - a scroll of fog {unknown}
 q - 2 scrolls of identify {unknown}
 s - a scroll of magic mapping {unknown}
Potions
 d - a potion of haste {unknown}
 e - 2 potions of attraction {unknown}
 f - a potion of berserk rage {unknown}
 i - a potion of brilliance {unknown}
 j - a potion of heal wounds {unknown}
 k - a potion of degeneration {unknown}
 m - 3 potions of curing {unknown}
 r - a potion of might {unknown}
 v - a potion of mutation {unknown}


   Skills:
 - Level 3.6 Fighting
 + Level 8.6 Axes
 - Level 2.4 Armour
 - Level 2.1 Dodging
 + Level 1.4 Stealth


You had 5 spell levels left.
You didn't know any spells.
Your spell library was empty.

Dungeon Overview and Level Annotations

Branches:
Dungeon (4/15)
 Temple: D:4-7

Altars:
Fedhas
Hepliaklqana
Wu Jian
Zin


Innate Abilities, Weirdness & Mutations

You reflexively headbutt those who attack you in melee.
You have a pair of horns on your head.


Message History

The magic dart hits you!
* * * LOW HITPOINT WARNING * * *
You slash the orc wizard!
The orc wizard is heavily wounded.
The orc wizard closely misses you.
You hit the orc wizard. You headbutt the orc wizard.
The orc wizard is almost dead.
The orc wizard casts a spell at you. The magic dart hits you.
* * * LOW HITPOINT WARNING * * *
An orc comes into view. It is wielding a +0 dagger.
The orc wizard points at you and mumbles some strange words.
The puff of frost misses you.
You closely miss the orc wizard.
The orc wizard is almost dead.
The orc wizard hits you with a +0 dagger.
* * * LOW HITPOINT WARNING * * *
An orc comes into view. It is wielding a +0 dagger.
The orc wizard hits you with a +0 dagger.
You die...

#)#
.######)####
......))...#
.........<.#
.####......#
#...##.#
#...##.#
#......#
.......#@.#
###....#o##
#.......
#.....#.#
....... ..
##...###..##
...# .o ..
..


You could see an orc wizard and an orc (wandering).

Vanquished Creatures
  A howler monkey (D:3)
  3 orc priests
  Jessica (D:2)
  Terence (D:2)
  Natasha (D:2)
  7 gnolls
  2 adders
  A white imp (D:2)
  An ooze (D:2)
  2 worms
  4 dart slugs
  7 leopard geckos
  7 orcs
  2 ball pythons (D:1)
  6 bats
  5 giant cockroaches
  4 goblins
  9 hobgoblins
  2 jackals (D:2)
  3 kobolds (D:3)
  3 frilled lizards
  8 rats
80 creatures vanquished.

Vanquished Creatures (others)
  A rat (D:2)
  A plant (D:1)
2 creatures vanquished.

Grand Total: 82 creatures vanquished

Notes
Turn   | Place    | Note
-------+----------+-------------------------------------------
     0 | D:1      | jackrogers the Minotaur Berserker began the quest for the
                  | Orb.
     0 | D:1      | Reached XP level 1. HP: 19/19 MP: 0/0
    45 | D:1      | Reached skill level 4 in Axes
    76 | D:1      | Reached XP level 2. HP: 26/26 MP: 1/1
   970 | D:1      | Reached skill level 5 in Axes
  1134 | D:1      | Reached XP level 3. HP: 31/31 MP: 2/2
  1717 | D:2      | Noticed Jessica
  1719 | D:2      | Noticed Terence
  1735 | D:2      | Killed Terence
  1736 | D:2      | Killed Jessica
  1737 | D:2      | Reached skill level 6 in Axes
  1737 | D:2      | Reached XP level 4. HP: 28/39 MP: 3/3
  1968 | D:2      | Found a blossoming altar of Fedhas.
  2154 | D:2      | Reached ** piety under Trog
  2155 | D:2      | Reached XP level 5. HP: 9/45 MP: 4/4
  2158 | D:2      | Reached skill level 7 in Axes
  2493 | D:2      | Found a glowing silver altar of Zin.
  2499 | D:2      | Noticed Natasha
  2504 | D:2      | Killed Natasha
  3339 | D:3      | Reached skill level 8 in Axes
  3339 | D:3      | Reached skill level 1 in Stealth
  3339 | D:3      | Reached XP level 6. HP: 51/51 MP: 5/5
  3484 | D:3      | Found an ornate altar of the Wu Jian Council.
  3749 | D:3      | Found a hazy altar of Hepliaklqana.
  3953 | D:4      | HP: 2/51 [orc wizard/+0 dagger (5)]
  3953 | D:4      | Slain by an orc wizard

Illustrated notes

Levels and vault maps discovered:
D:1:      heliophobic_arrival_battle_scene, layout_basic, serial_forest,
          infiniplex_forest_straight_4, infiniplex_forest_split,
          infiniplex_forest_lined_corner, infiniplex_forest_end_1,
          infiniplex_forest_straight_2, infiniplex_forest_side_room,
          infiniplex_forest_lined_4_way
D:2:      layout_basic, general_overflow_altar, zin_academy,
          lemuel_flame_loot_1, uniq_jessica, uniq_terence, uniq_natasha
D:3:      layout_basic, nzn_hepliaklqana_mist_gate,
          lemuel_coloured_pillars_altar
D:4:      minmay_clustersquares, layout_loops_ring, minmay_temple_entry_mist,
          nzn_random_ring

Skill      XL: |  1  2  3  4  5 |
---------------+----------------+-----
Axes           | 4 5 6 8 |  8.6
Stealth        | 1 |  1.4
Fighting       | |  3.6
Armour         | |  2.4
Dodging        | |  2.1

Action                   |  1- 3 |  4- 6 || total
-------------------------+-------+-------++-------
Melee: Hand axe          |    78 |    40 ||   118
       Headbutt          |    12 |    19 ||    31
       War axe           |       |    51 ||    51
Invok: Berserk           |     1 |     3 ||     4
 Stab: Sleeping          |       |     1 ||     1
Armor: Animal skin       |    17 |    10 ||    27
Dodge: Dodged            |    37 |    61 ||    98
